 Dungeon Crawl Stone Soup version 0.17-a0-1997-ga88ed7d (webtiles) character file.

164 Ordine the Skirmisher (level 5, -2/38 HPs)
             Began as an Octopode Fighter on Oct 8, 2015.
             Slain by an orc
             ... wielding a +0 club
              (5 damage)
             ... on level 3 of the Dungeon.
             The game lasted 00:05:34 (2817 turns).

Ordine the Skirmisher (Octopode Fighter)            Turns: 2817, Time: 00:05:34

Health: -2/38      AC:  1    Str: 15    XL:     5   Next: 45%
Magic:  5/5        EV: 10    Int: 10    God:
Gold:   158        SH:  8    Dex: 13    Spells: 0 memorised, 4 levels left

rFire  . . .     SeeInvis .     a - +0 long sword
rCold  . . .     Clarity  .     b - +0 shield
rNeg   . . .     SustAt   .     (helmet restricted)
rPois  .         Gourm    .     (no amulet)
rElec  .         Spirit   .     (no ring)
rCorr  .         Warding  .     (no ring)
rMut   .         Stasis   .     (no ring)
MR     .....                    (no ring)
Stlth  ++........               (no ring)
                                (no ring)
                                (no ring)
                                (no ring)

@: not resistant to hostile enchantments, unstealthy
A: almost no armour, amphibious, 8 rings, constrict 8, camouflage 1, gelatinous
body 1
a: no special abilities


You were on level 3 of the Dungeon.
You were not hungry.

You visited 1 branch of the dungeon, and saw 3 of its levels.

You collected 158 gold pieces.

Inventory:

Hand Weapons
 a - a +0 long sword (weapon)
Missiles
 h - a throwing net (quivered)
 j - 64 stones
 n - 15 poisoned needles
 q - 8 curare-tipped needles
Armour
 b - a +0 shield (worn)
Wands
 r - a wand of magic darts (12)
Scrolls
 e - a scroll of noise {unknown}
 f - 2 scrolls of remove curse {unknown}
 i - a scroll of amnesia {unknown}
 k - 2 scrolls of blinking {unknown}
 m - 4 scrolls of identify {unknown}
 o - a scroll of enchant weapon {unknown}
 p - 4 scrolls of teleportation {unknown}
 t - a scroll of recharging {unknown}
 v - a scroll of magic mapping {unknown}
 y - a scroll of fog {unknown}
Potions
 c - a potion of might
 g - 2 potions of haste {unknown}
 l - a potion of curing {unknown}
 s - a potion of heal wounds {unknown}
 x - a potion of degeneration {unknown}
Comestibles
 d - 3 bread rations
 u - 8 chunks of flesh
 w - a beef jerky


   Skills:
 + Level 4.6 Fighting
 + Level 4.1 Long Blades
 - Level 3.0 Dodging
 - Level 3.0 Shields


You had 4 spell levels left.
You didn't know any spells.

Dungeon Overview and Level Annotations

Branches:
Dungeon (3/15)

Altars:


Innate Abilities, Weirdness & Mutations

You cannot wear most types of armour.
You are amphibious.
You can wear up to eight rings at the same time.
You can use your tentacles to constrict eight enemies at once.
Your skin changes colour to match your surroundings (Stealth).
Your rubbery body absorbs attacks (AC +1).


Message History

* * * LOW HITPOINT WARNING * * *
You slash the orc priest!
The orc priest is severely wounded.
You constrict the orc priest.
You kill the orc priest!
Your Long Blades skill increases to level 4!
You block the orc's attack.
You closely miss the orc. You grab the orc. You constrict the orc.
You block the orc's attack.
You hit the orc. You squeeze the orc.
You kill the orc!
You block the orc's attack.
You hit the orc but do no damage. You grab the orc.
You constrict the orc, but do no damage.
The orc hits you with a club.
* * * LOW HITPOINT WARNING * * *
You hit the orc but do no damage.
You constrict the orc, but do no damage.
The orc hits you with a club.
You die...

##.## # #...# #
#####...### # ##+#
#.........# # #...#
#.#...<...# # .....#
#.........# # ......#
#.##...### #
.......##.#....##########
......go@................
......g##.#...###########
......# #.##.## # .....#
...### #...# ..... ##+#
##...## ##.## ...


You could see an orc and 2 hobgoblins.

Vanquished Creatures
  An orc priest (D:3)
  Terence (D:2)
  3 adders
  4 oozes
  A giant gecko (D:1)
  5 orcs (D:3)
  5 bats
  9 goblins
  7 hobgoblins
  3 jackals (D:1)
  9 kobolds
  2 quokkas
  A ball python (D:2)
  3 giant cockroaches
  4 giant newts
  5 rats
63 creatures vanquished.

Notes
Turn   | Place    | Note
--------------------------------------------------------------
     0 | D:1      | Ordine the Octopode Fighter began the quest for the Orb.
     0 | D:1      | Reached XP level 1. HP: 16/16 MP: 1/1
   298 | D:1      | Reached XP level 2. HP: 18/21 MP: 2/2
   703 | D:1      | Reached XP level 3. HP: 24/26 MP: 3/3
  1313 | D:2      | You fall through a shaft!
  1681 | D:2      | Noticed Terence
  1687 | D:2      | Killed Terence
  1687 | D:2      | Reached skill level 4 in Fighting
  1687 | D:2      | Reached XP level 4. HP: 11/33 MP: 4/4
  2566 | D:3      | Reached XP level 5. HP: 31/38 MP: 5/5
  2817 | D:3      | Slain by an orc

Vault maps used:
D:1:      eino_arrival_tree_alley
D:2:      first_bread, uniq_terence
D:3:      trog_wizard

Action                   |  1- 3 |  4- 6 || total
-------------------------+-------+-------++-------
Melee: Long sword        |    72 |    67 ||   139
 Stab: Sleeping          |     6 |     4 ||    10
  Eat: Chunk             |     2 |     4 ||     6
